Map: Romanticide LE

Players

Nina - Winner!

  • Race: Protoss Protoss

Antis

  • Race: Zerg Zerg

Event: DreamHack SC2 Masters 2021 Fall

VOD

Have the link to the VOD?

Description

Time

  • Played on: Aug. 6, 2021, 6:18 p.m.
  • Length: 23:28

All games in this series

Show
View Real Time Build Order
Export as new Build Order

Nina Protoss - Winner!

Build Orders: 1 Gate Expand, Archon Immortal, Carriers 

Get SALT Encoding   

  12  0:00  Probe  
  13  0:12  Probe  
  14  0:22  Pylon  
  14  0:24  Probe  
  15  0:40  Probe (Chrono Boost)  
  15  0:41  Gateway  
  16  0:48  Assimilator  
  17  0:51  Probe (Chrono Boost)  
  17  0:56  Probe (Chrono Boost)  
  18  1:07  Probe  
  19  1:19  Probe  
  19  1:25  Nexus  
  20  1:35  Cybernetics Core  
  20  1:38  Probe  
  21  1:46  Assimilator  
  21  1:50  Probe  
  22  1:54  Pylon  
  22  2:03  Probe (Chrono Boost)  
  23  2:12  Adept  
  23  2:15  Probe (Chrono Boost)  
  26  2:19  Stargate  
  27  2:23  Probe (Chrono Boost)  
  27  2:27  Warp Gate  
  27  2:30  Probe (Chrono Boost)  
  28  2:37  Probe (Chrono Boost)  
  28  2:42  Adept  
  32  2:46  Probe (Chrono Boost)  
  32  2:47  Probe (Chrono Boost)  
  33  2:52  Probe (Chrono Boost)  
  33  2:53  Probe  
  35  3:01  Gateway, Void Ray (Chrono Boost)  
  35  3:03  Probe  
  35  3:05  Probe  
  41  3:16  Probe  
  41  3:17  Probe  
  41  3:18  Pylon  
  43  3:21  Adept  
  45  3:28  Probe  
  46  3:34  Pylon  
  46  3:36  Probe  
  46  3:38  Void Ray  
  46  3:40  Probe  
  52  3:48  Probe  
  52  3:52  Probe  
  54  3:58  Pylon  
  54  4:00  Probe  
  54  4:01  Nexus  
  55  4:04  Probe  
  55  4:08  Pylon  
  56  4:13  Probe  
  56  4:14  Robotics Facility  
  57  4:18  Sentry  
  57  4:19  Zealot  
  57  4:20  Probe  
  62  4:24  Assimilator  
  62  4:25  Probe  
  62  4:27  Assimilator  
  63  4:32  Probe  
  63  4:37  Probe  
  63  4:38  Pylon  
  65  4:43  Forge  
  65  4:44  Twilight Council, Probe  
  66  4:47  Sentry  
  66  4:49  Probe  
  69  4:56  Pylon  
  69  4:57  Probe  
  69  4:58  Sentry  
  72  5:01  Probe  
  72  5:02  Shield Battery  
  72  5:06  Observer (Chrono Boost)  
  74  5:09  Probe (Chrono Boost)  
  74  5:14  Probe x2 (Chrono Boost)  
  76  5:18  Protoss Ground Weapons Level 1 (Chrono Boost)  
  78  5:21  Probe (Chrono Boost)  
  78  5:25  Assimilator  
  78  5:26  Assimilator, Probe x2 (Chrono Boost)  
  78  5:27  Immortal (Chrono Boost)  
  84  5:29  Probe (Chrono Boost)  
  84  5:31  Probe x2 (Chrono Boost)  
  84  5:34  Gateway  
  84  5:35  Gateway  
  87  5:41  Gateway  
  88  5:42  Probe  
  88  5:43  Pylon  
  88  5:44  Charge  
  88  5:55  Probe  
  88  5:56  Probe  
  90  5:59  Probe  
  90  6:01  Templar Archives  
  90  6:02  Immortal (Chrono Boost)  
  91  6:07  Pylon, Probe  
  91  6:08  Probe  
  91  6:11  Gateway, Probe  
  98  6:13  Gateway  
  98  6:20  Probe  
  100  6:25  Probe  
  104  6:33  Immortal (Chrono Boost)  
  104  6:34  Gateway  
  104  6:37  Observer, Probe  
  104  6:38  Gateway  
  105  6:40  Nexus  
  105  6:43  Pylon  
  105  6:45  Pylon, Observer  
  105  6:46  Psionic Storm  
  105  6:53  High Templar x3  
  111  7:00  Pylon, High Templar, Immortal (Chrono Boost)  
  113  7:07  Zealot x3  
  123  7:12  Pylon  
  123  7:14  Pylon  
  123  7:22  Shield Battery, Photon Cannon  
  123  7:25  Photon Cannon  
  123  7:28  High Templar  
  125  7:30  High Templar  
  125  7:34  Archon  
  125  7:36  Zealot x7  
  141  7:40  Photon Cannon  
  141  7:42  Protoss Ground Weapons Level 2, Immortal (Chrono Boost)  
  145  7:52  Gateway  
  145  7:54  Probe (Chrono Boost)  
  145  7:55  Probe x3 (Chrono Boost)  
  149  8:03  Assimilator  
  149  8:04  Photon Cannon  
  149  8:06  High Templar x2  
  149  8:07  Probe (Chrono Boost)  
  149  8:12  Archon  
  157  8:13  Probe x3 (Chrono Boost)  
  157  8:15  Probe (Chrono Boost), Warp Prism (Chrono Boost)  
  157  8:16  High Templar x2  
  157  8:17  Assimilator  
  157  8:19  Probe (Chrono Boost)  
  165  8:21  Archon, Probe  
  165  8:23  Probe x2  
  168  8:30  Zealot x3  
  168  8:31  Zealot, Probe  
  168  8:33  Probe  
  178  8:41  Photon Cannon  
  178  8:44  Pylon  
  178  8:47  Observer  
  173  8:49  High Templar x3  
  173  8:52  Pylon  
  173  8:53  Pylon  
  173  8:55  Pylon  
  165  9:11  Immortal  
  157  9:19  High Templar x4  
  157  9:22  Zealot x5  
  157  9:23  Zealot, Archon x2  
  177  9:27  Fleet Beacon  
  177  9:30  Photon Cannon  
  177  9:36  Nexus  
  177  9:38  Photon Cannon  
  177  9:40  Pylon  
  177  9:41  Pylon  
  177  9:44  Gateway  
  176  9:48  Stargate  
  176  9:49  Stargate  
  176  9:50  Observer, Zealot x2  
  181  9:54  Pylon  
  181  9:55  Protoss Air Weapons Level 1 (Chrono Boost)  
  181  10:01  Shield Battery  
  181  10:03  Photon Cannon, Zealot  
  181  10:04  Photon Cannon  
  181  10:06  Photon Cannon  
  183  10:07  Photon Cannon  
  183  10:08  Carrier (Chrono Boost)  
  189  10:18  Zealot x3  
  189  10:19  Zealot x2  
  197  10:47  Assimilator  
  197  10:50  Assimilator  
  197  10:54  Photon Cannon  
  197  10:56  Photon Cannon  
  197  10:58  Photon Cannon  
  197  11:00  Photon Cannon  
  197  11:02  Shield Battery  
  197  11:04  Pylon  
  197  11:14  Stargate  
  197  11:15  Stargate  
  173  11:37  Zealot x5  
  173  11:38  Zealot  
  185  11:40  Archon  
  185  11:43  Carrier (Chrono Boost)  
  177  11:49  Observer  
  177  11:53  Protoss Air Weapons Level 2 (Chrono Boost)  
  177  11:54  Photon Cannon  
  182  11:57  Photon Cannon, Dark Shrine  
  182  11:58  Observer  
  182  11:59  Carrier x4 (Chrono Boost)  
  194  12:07  Photon Cannon  
  194  12:09  Gateway  
  194  12:10  Photon Cannon  
  194  12:24  Observer  
  194  12:29  Nexus  
  194  12:31  Pylon  
  194  12:35  Pylon  
  194  12:37  Carrier (Chrono Boost)  
  200  12:50  Photon Cannon  
  200  13:05  Carrier  
  198  13:06  Protoss Ground Weapons Level 3 (Chrono Boost), Zealot  
  198  13:07  Shadow Stride (Chrono Boost)  
  198  13:08  Observer  
  200  13:16  Observer  
  174  13:50  Carrier x4 (Chrono Boost)  
  190  14:06  Nexus, Carrier (Chrono Boost)  
  190  14:08  Pylon, Photon Cannon  
  190  14:09  Pylon  
  196  14:10  Pylon, Photon Cannon  
  196  14:30  Protoss Air Weapons Level 3 (Chrono Boost), Zealot x2  
  192  15:01  Carrier  
  192  15:07  Shield Battery  
  192  15:10  Photon Cannon  
  192  15:12  Photon Cannon  
  186  15:14  Photon Cannon  
  186  15:16  Shield Battery, Photon Cannon  
  186  15:18  Photon Cannon  
  186  15:19  Photon Cannon  
  186  15:21  Photon Cannon x2  
  186  15:23  Photon Cannon  
  186  15:25  Photon Cannon x2, Carrier  
  186  15:27  Photon Cannon, High Templar x3  
  198  15:28  High Templar  
  198  15:31  Photon Cannon  
  198  15:32  Photon Cannon, Archon x2  
  200  15:36  Unknown  
  200  15:39  Photon Cannon  
  200  15:41  Protoss Shields Level 1  
  200  15:42  Photon Cannon  
  200  15:44  Observer  
  200  15:48  Photon Cannon  
  200  16:13  Robotics Bay  
  200  16:14  Assimilator  
  200  16:16  Assimilator  
  196  16:44  Shield Battery  
  196  16:48  Photon Cannon  
  196  16:50  Photon Cannon  
  196  16:51  Dark Templar x2, Sentry  
  196  16:52  Dark Templar  
  200  17:01  Blink, Carrier  
  194  17:03  Gateway  
  194  17:04  Gateway  
  194  17:08  Protoss Air Armor Level 1, Gateway  
  200  17:10  Gateway  
  178  17:33  Dark Templar x3  
  178  17:34  Dark Templar x8  
  176  17:43  Carrier  
  172  17:54  Carrier x3  
  178  18:06  Carrier  
  178  18:07  Zealot x8  
  192  18:17  Zealot x2  
  184  18:24  Dark Templar x2  
  176  18:32  High Templar x8  
  176  18:33  High Templar x4  
  196  18:38  Probe x2  
  198  18:42  Archon  
  198  18:43  Archon x5  
  198  18:53  High Templar x2  
  200  18:57  Pylon  
  200  19:13  Protoss Shields Level 2  
  200  19:19  Observer (Chrono Boost)  
  200  19:22  Protoss Air Armor Level 2 (Chrono Boost)  
  198  19:24  Dark Templar  
  200  19:46  Observer  
  195  20:01  Dark Templar x2  
  199  20:11  Nexus  
  199  20:20  Pylon  
  197  20:21  Pylon  
  197  20:22  Dark Templar  
  198  20:38  Archon  
  198  20:41  Dark Templar x4  
  200  20:50  Shield Battery  
  200  20:51  Photon Cannon  
  200  20:53  Photon Cannon  
  200  20:54  Photon Cannon  
  198  21:21  Dark Templar x5  
  198  21:25  Photon Cannon  
  198  21:30  Assimilator  
  198  21:33  Assimilator  
  196  21:49  Assimilator  
  196  21:58  Probe x4  
  200  22:06  Probe  
  200  22:13  Probe  
  200  22:14  Probe  
  185  23:10  Dark Templar x3  
  185  23:11  Dark Templar x12  
Show
View Real Time Build Order
Export as new Build Order

Antis Zerg 

Build Orders: Hatch First 

Get SALT Encoding   

  12  0:01  Drone  
  13  0:12  Overlord  
  13  0:17  Drone  
  14  0:30  Drone x2  
  16  0:48  Hatchery  
  15  0:51  Drone  
  15  0:54  Drone  
  17  0:58  Drone  
  18  1:08  Extractor  
  17  1:14  Spawning Pool  
  17  1:17  Drone  
  17  1:20  Drone  
  18  1:28  Drone  
  19  1:39  Drone  
  20  1:51  Drone  
  21  2:01  Queen x2  
  21  2:02  Overlord  
  21  2:03  Drone  
  26  2:12  Metabolic Boost, Drone x2  
  28  2:21  Drone  
  28  2:22  Drone  
  30  2:32  Hatchery  
  30  2:36  Drone  
  30  2:37  Drone  
  31  2:42  Queen  
  33  2:47  Overlord  
  33  2:53  Zergling x2  
  33  2:54  Zergling x2  
  33  2:57  Drone  
  36  3:04  Overlord  
  36  3:07  Drone  
  36  3:10  Drone x4  
  41  3:14  Drone x2  
  43  3:22  Queen  
  43  3:25  Spore Crawler, Drone  
  45  3:32  Zergling x2  
  45  3:33  Zergling x2  
  47  3:35  Drone  
  47  3:38  Queen  
  47  3:40  Overlord  
  50  3:53  Overlord  
  50  3:55  Spore Crawler  
  49  3:56  Drone  
  49  3:59  Drone x7  
  57  4:06  Overlord  
  57  4:10  Queen  
  57  4:12  Overlord  
  59  4:18  Drone x3  
  62  4:27  Drone x7  
  62  4:30  Extractor  
  68  4:33  Roach Warren, Evolution Chamber  
  65  4:39  Drone x3  
  65  4:45  Drone x2  
  70  4:50  Lair  
  70  4:51  Drone x2  
  70  4:52  Drone x3  
  75  4:54  Extractor  
  75  4:58  Overlord  
  74  5:00  Zerg Missile Weapons Level 1  
  74  5:01  Overlord  
  74  5:03  Overlord  
  74  5:05  Extractor  
  71  5:15  Queen, Spore Crawler  
  71  5:16  Drone x6  
  71  5:19  Drone x4  
  71  5:21  Extractor  
  81  5:34  Evolution Chamber  
  81  5:35  Drone x2  
  82  5:36  Hatchery, Drone x3  
  82  5:40  Zergling x2  
  82  5:41  Zergling x4  
  87  5:44  Overlord  
  85  5:57  Drone x5  
  89  5:58  Drone  
  89  5:59  Extractor, Drone x2  
  89  6:00  Drone x2  
  93  6:06  Glial Reconstitution  
  93  6:07  Zerg Ground Armor Level 1  
  95  6:11  Roach x6  
  95  6:16  Overlord  
  101  6:26  Zergling x2, Roach x3  
  101  6:27  Zergling x6  
  101  6:32  Overlord x3  
  111  6:34  Ravager x4, Infestation Pit  
  111  6:36  Ravager  
  115  6:44  Overlord  
  115  6:45  Drone x4  
  119  6:48  Drone  
  119  6:53  Drone x5  
  124  7:02  Zerg Missile Weapons Level 2  
  124  7:04  Drone x7  
  124  7:06  Overseer  
  131  7:11  Hive  
  131  7:12  Evolution Chamber, Pathogen Glands  
  131  7:14  Drone x2  
  132  7:19  Spore Crawler, Spine Crawler  
  132  7:22  Extractor  
  129  7:28  Roach x11  
  151  7:41  Overlord x4  
  151  7:47  Pneumatized Carapace  
  151  7:48  Hatchery  
  150  7:52  Zerg Melee Weapons Level 1  
  150  7:53  Drone x2  
  150  7:54  Drone, Infestor  
  150  7:55  Infestor, Baneling Nest  
  156  7:59  Overseer  
  156  8:01  Spore Crawler  
  156  8:04  Zergling x4  
  156  8:05  Zergling x18, Extractor  
  165  8:12  Overlord x2  
  165  8:18  Burrow  
  164  8:22  Queen x2  
  164  8:26  Adrenal Glands  
  168  8:29  Queen, Infestor  
  168  8:31  Ultralisk Cavern  
  171  8:38  Baneling x2  
  171  8:39  Baneling x5  
  171  8:40  Baneling  
  170  8:43  Spine Crawler  
  170  8:44  Spine Crawler  
  170  8:46  Spine Crawler, Centrifical Hooks  
  166  8:48  Zergling x2  
  166  8:49  Zergling x18  
  176  9:00  Queen x2  
  180  9:05  Queen  
  176  9:15  Baneling x11  
  176  9:16  Zergling x14  
  176  9:17  Zergling x14  
  185  9:23  Chitinous Plating  
  186  9:29  Drone x4  
  186  9:30  Drone  
  191  9:35  Zerg Missile Weapons Level 3  
  191  9:36  Zerg Ground Armor Level 2  
  191  9:41  Infestor  
  191  9:44  Spore Crawler x2  
  191  9:46  Infestor  
  193  9:53  Zerg Melee Weapons Level 2  
  192  10:04  Zergling x8  
  192  10:05  Zergling x6  
  199  10:18  Spore Crawler, Spine Crawler  
  186  10:40  Ultralisk x2  
  186  10:42  Anabolic Synthesis  
  189  10:43  Ultralisk  
  189  10:44  Queen x2  
  189  10:48  Spire x2  
  197  10:54  Spore Crawler x2  
  195  10:57  Extractor  
  195  10:58  Drone x3  
  195  10:59  Extractor, Drone x3  
  199  11:07  Baneling x11  
  199  11:20  Drone  
  199  11:21  Spore Crawler  
  199  11:22  Spore Crawler, Drone x2  
  199  11:23  Spore Crawler x2  
  188  11:38  Zergling x2  
  188  11:39  Zergling x16, Ultralisk x2  
  197  11:40  Zergling x4  
  180  11:56  Spore Crawler  
  180  11:57  Spore Crawler  
  180  12:01  Baneling x8  
  178  12:02  Viper, Zerg Flyer Weapons Level 1, Zerg Flyer Armor Level 1  
  178  12:03  Corruptor x5  
  191  12:10  Neural Parasite  
  191  12:15  Drone x7  
  198  12:16  Spine Crawler  
  198  12:17  Spine Crawler  
  196  12:33  Spine Crawler  
  196  12:34  Drone x5, Spine Crawler  
  196  12:35  Drone, Spine Crawler  
  196  12:36  Spine Crawler  
  197  12:37  Spine Crawler  
  196  12:45  Infestor  
  194  12:54  Zerg Ground Armor Level 3, Zerg Melee Weapons Level 3  
  194  12:57  Baneling  
  194  12:58  Baneling x2  
  194  13:02  Infestor x2  
  194  13:03  Infestor x3  
  190  13:10  Drone x6, Spine Crawler  
  190  13:11  Drone x3, Spine Crawler x2  
  190  13:12  Drone x3  
  199  13:18  Overlord  
  199  13:19  Overlord  
  199  13:22  Spore Crawler  
  198  13:30  Zergling x2  
  183  13:54  Corruptor x7  
  189  13:57  Ultralisk  
  189  14:00  Overlord  
  194  14:03  Zerg Flyer Armor Level 2, Zerg Flyer Weapons Level 2  
  194  14:05  Viper  
  194  14:07  Infestor  
  199  14:12  Spine Crawler  
  199  14:14  Spine Crawler  
  199  14:15  Spore Crawler  
  199  14:16  Spore Crawler  
  192  14:17  Zergling x2  
  190  14:26  Overlord  
  190  14:32  Drone x3  
  190  14:33  Drone x3  
  190  14:36  Spore Crawler x2  
  189  14:46  Ultralisk  
  189  14:47  Hatchery  
  191  15:02  Ultralisk  
  197  15:14  Infestor  
  199  15:29  Infestor x2  
  199  15:37  Overseer  
  199  15:38  Overseer x3, Overlord  
  199  15:39  Overlord x4  
  199  15:44  Hatchery x2  
  199  15:49  Spore Crawler  
  196  15:50  Spore Crawler  
  196  15:52  Spore Crawler  
  196  15:53  Zergling x2  
  196  15:54  Zergling x8, Spore Crawler  
  198  15:58  Hatchery  
  197  16:10  Infestor  
  199  16:29  Spore Crawler  
  199  16:30  Spore Crawler  
  199  16:32  Spore Crawler  
  196  16:33  Spore Crawler  
  196  16:38  Infestor x3  
  191  16:40  Infestor x2  
  180  16:50  Ultralisk  
  180  16:51  Zergling x10, Ultralisk  
  197  16:57  Spore Crawler  
  197  16:58  Spore Crawler, Drone x3  
  197  17:00  Spore Crawler x2  
  173  17:40  Corruptor x9  
  173  17:42  Ultralisk x2  
  173  17:43  Ultralisk  
  199  17:45  Overseer  
  199  17:46  Lair  
  199  17:47  Lair  
  190  17:54  Spore Crawler  
  169  18:20  Spawning Pool, Roach x12  
  169  18:21  Roach x4  
  200  19:01  Hatchery  
  182  19:46  Infestation Pit  
  181  19:58  Corruptor  
  181  19:59  Corruptor x9  
  187  20:21  Zergling x6  
  187  20:22  Zergling x2  
  189  20:29  Hive  
  189  20:30  Spore Crawler  
  189  20:31  Spine Crawler x2  
  189  20:33  Spore Crawler  
  181  20:41  Corruptor x10  
  184  20:47  Infestor  
  175  21:09  Overseer x2  
  175  21:10  Overseer x3  
  170  21:25  Zergling x2  
  170  21:26  Zergling x16  
  170  21:27  Queen x2  
  157  21:49  Baneling x4  
  157  21:50  Baneling  
  157  21:55  Zergling x12  
  157  21:57  Baneling x13  
  157  22:00  Hatchery  
  162  22:03  Queen x2  
  166  22:08  Queen  
  162  22:16  Hatchery  
  136  22:39  Queen x2  
  136  22:41  Ultralisk Cavern  

Tags
 
Add a new tag
Caveats
  • Supply blocks, unpowered buildings, or Contaminate may cause inaccurate times.
  • Supply counts are checked every 10 seconds.